 Dungeon Crawl Stone Soup version 0.31.0-9-g3a7656b989 (webtiles) character file.

Game seed: 7306905540660393217

5121 qw the Nimble (level 10, 0/49 HPs)
             Began as a Spriggan Hunter on Feb 2, 2024.
             Was an Elder of Okawaru.
             Slain by Grum
             ... wielding a -1 spear of venom
              (5 damage)
             ... on level 10 of the Dungeon.
             The game lasted 00:01:06 (8237 turns).

qw the Nimble (Spriggan Hunter)                     Turns: 8237, Time: 00:01:06

Health: 0/49       AC:  5    Str:  7    XL:     10   Next: 32%
Magic:  14/14      EV: 34    Int: 13    God:    Okawaru [****..]
Gold:   171        SH:  4    Dex: 23    Spells: 9/9 levels left

rFire   + . .        n - +0 orcbow (heavy)
rCold   . . .        (shield currently unavailable)
rNeg    . . .        e - +1 robe of Vehumet's Displeasure {^Drain Regen+ Int+2}
rPois   .            (helmet restricted)
rElec   .            d - +1 cloak
rCorr   .            (gloves unavailable)
SInv    +            (boots unavailable)
Will    +....        (no amulet)
Stlth   ++           Y - ring of protection from fire
HPRegen 1.08/turn    q - +5 ring of evasion
MPRegen 0.14/turn

%: no passive effects
@: lethally poisoned (0 -> -5), about to teleport, very quick
A: very small, no large weapons, unfitting armour, see invisible, speed 3, large
bone plates 1
a: Renounce Religion, Heroism, Finesse


You were on level 10 of the Dungeon.
You worshipped Okawaru.
Okawaru was greatly pleased with you.
You visited 2 branches of the dungeon, and saw 11 of its levels.

You collected 527 gold pieces.
You spent 356 gold pieces at shops.


Innate Abilities, Weirdness & Mutations

You are very small and have problems with some larger weapons.
You are too small for most types of armour.
You have supernaturally acute eyesight. (SInv)
You cover ground extremely quickly. (Speed+++)
You are partially covered in large bone plates. (SH +4)


   Skills:
 - Level 4.1 Fighting
 + Level 11.2 Ranged Weapons
 - Level 12.0 Dodging
 - Level 1.5 Stealth
 + Level 4.6 Invocations


You had 9 spell levels left.
You didn't know any spells.
Your spell library was empty.

Inventory:

Hand Weapons
 n - a +0 heavy orcbow (weapon)
Armour
 d - a +1 cloak (worn)
 e - the +1 robe of Vehumet's Displeasure (worn) {^Drain Regen+ Int+2}
   (You bought it in a shop on level 9 of the Dungeon)

   Int+2:     It affects your intelligence (+2).
   Regen+:    It increases your rate of health regeneration.
   ^Drain:    It drains your maximum health when unequipped.
Jewellery
 a - a +6 ring of strength
 k - a ring of protection from fire
 l - an amulet of guardian spirit
 p - a ring of ice
 q - a +5 ring of evasion (right hand)
 Y - a ring of protection from fire (left hand)
Wands
 f - a wand of polymorph (12)
 r - a wand of roots (10)
 u - a wand of acid (5)
 v - a wand of paralysis (14)
Scrolls
 o - a scroll of teleportation
Potions
 b - 2 potions of mutation
 h - a potion of haste {unknown}
 i - 2 potions of heal wounds
 j - 3 potions of enlightenment
 m - 4 potions of curing

Dungeon Overview and Level Annotations

Branches:
Dungeon (10/15)            Temple (1/1) D:4
   Lair: D:8-11         Orc: D:9-12

Altars:
Ashenzari
Cheibriados
Dithmenos
Elyvilon
Fedhas
Gozag
Hepliaklqana
Kikubaaqudgha
Makhleb
Nemelex Xobeh
Okawaru
Qazlal
Ru
Sif Muna
Uskayaw
Vehumet
Wu Jian
Xom
Yredelemnul
Zin
The Shining One

Shops:
D:4 !   D:6 *   D:9 [

Annotations:
D:5 2 transporters, qw's ghost, amateur SpHu
D:10 Grum


Message History

You shoot an arrow. The arrow hits the orc warrior!
The orc warrior is severely wounded.
The orc warrior closely misses you.
You shoot an arrow.
The arrow hits the orc warrior but does no damage.
The orc warrior is severely wounded.
An orc priest comes into view. It is wielding a +0 dagger.
The orc warrior closely misses you. Grum completely misses you.
The orc warrior hits you with a +0 short sword.
You shoot an arrow.
The arrow closely misses the orc warrior.
Grum completely misses you. The orc warrior barely misses you.
You shoot an arrow.
The arrow hits the orc warrior but does no damage.
The orc warrior is severely wounded.
Grum says, "I'm selling these fine leather pelts."
Grum completely misses you. The orc warrior barely misses you.
The orc warrior hits you with a +0 short sword!
Grum hits you from afar with a -1 spear of venom!
You are poisoned.
You shoot an arrow.
The arrow closely misses the orc warrior.
You feel very sick. Grum completely misses you.
The orc warrior completely misses you.
You shoot an arrow. The arrow hits the orc warrior!
You kill the orc warrior!
Okawaru accepts your kill.
You feel very sick.
Grum hits you from afar with a -1 spear of venom!
You are lethally poisoned!
You shoot an arrow. The arrow hits Grum.
Grum is lightly wounded.
You feel extremely sick. Grum completely misses you. You block Grum's attack.
8237 ||| READING 2 scrolls of teleportation.
As you read the scroll of teleportation, it crumbles to dust.
You feel strangely unstable.
You feel very sick.
Grum hits you from afar with a -1 spear of venom.
You die...

#.##.#.# ###
#.##.#.# ..#
#.##.#.##
#.#####.......####
.........>.......+
..########....####
..# #.#.....# ..#
#.#.###.# ..#
#...# #@# ..#
###.# #)# ..# #..
g.# ### ###.### #.
#


You could see Grum.

Vanquished Creatures
  3 red devils (D:8)
  Prince Ribbit (D:6)
  Sigmund (D:2)
  A wyvern (D:8)
  A wraith (D:9)
  2 steam dragons
  Menkaure (D:5)
  An acid dragon (D:10)
  2 ice beasts (D:7)
  4 orc warriors
  A black bear (D:4)
  2 ogres (D:6)
  2 centaurs
  A phantom (D:5)
  A weeping skull (D:3)
  4 kobold brigands
  Blork the orc (D:5)
  2 gnoll sergeants
  5 bullfrogs
  A scorpion (D:5)
  A howler monkey (D:5)
  3 bombardier beetles
  7 orc priests
  A sleepcap (D:5)
  A hound (D:4)
  A jelly (D:7)
  2 gnoll boudas (D:6)
  Jessica (D:2)
  4 iguanas
  9 orc wizards
  4 adders
  20 gnolls
  2 white imps
  2 ufetubi (D:5)
  3 dart slugs
  3 ribbon worms (D:3)
  41 orcs
  6 bats
  10 endoplasms
  7 goblins
  12 hobgoblins
  28 kobolds
  2 quokkas (D:2)
  12 ball pythons
  3 frilled lizards
  6 rats
  A spectral orc (D:3)
229 creatures vanquished.

Vanquished Creatures (others)
  5 dream sheep (D:6)
  A gnoll (D:6)
6 creatures vanquished.

Grand Total: 235 creatures vanquished

Notes
Turn   | Place    | Note
-------+----------+-------------------------------------------
     0 | D:1      | qw the Spriggan Hunter began the quest for the Orb.
     0 | D:1      | Reached XP level 1. HP: 10/10 MP: 2/2
     0 | D:1      | 0 ||| qw: Version: 0.3-a-155-g5e7d8dd
     0 | D:1      | 0 ||| qw: Game counter: 2864
     0 | D:1      | 0 ||| qw: Melee chars always use a shield: true
     0 | D:1      | 0 ||| qw: God list: Okawaru
     0 | D:1      | 0 ||| qw: Allow faded altars: false
     0 | D:1      | 0 ||| qw: Do Orc after clearing Dungeon:15 true
     0 | D:1      | 0 ||| qw: Do second Lair branch before Depths: true
     0 | D:1      | 0 ||| qw: Lair rune preference: random
     0 | D:1      | 0 ||| qw: Goals: Normal
     0 | D:1      | 0 ||| PLANNING D:1-11
    36 | D:1      | Reached skill level 3 in Dodging
   296 | D:1      | Reached XP level 2. HP: 14/14 MP: 3/3
   349 | D:1      | Reached skill level 4 in Dodging
   817 | D:1      | 817 ||| UPGRADING to +0 cloak.
   822 | D:1      | 822 ||| UPGRADING to ring of protection from fire.
   823 | D:1      | 823 ||| READING scroll labelled VOHEEP NIBIPH.
   823 | D:1      | 823 ||| IDENTIFYING golden potion
   824 | D:1      | 824 ||| READING scroll labelled PEATUG TIHA.
   829 | D:1      | 829 ||| DROPPING scroll of butterflies.
   857 | D:2      | Noticed Sigmund
   860 | D:2      | 860 ||| FLEEEEING.
   869 | D:2      | 869 ||| FLEEEEING.
   870 | D:2      | 870 ||| STAIRDANCE
   884 | D:2      | 884 ||| STAIRDANCE
   901 | D:2      | 901 ||| STAIRDANCE
   943 | D:2      | 943 ||| DRINKING potion of curing.
   943 | D:2      | 943 ||| (to cure confusion)
   945 | D:2      | Killed Sigmund
   946 | D:2      | Reached skill level 6 in Ranged Weapons
   946 | D:2      | Reached XP level 3. HP: 18/18 MP: 4/4
   946 | D:2      | Reached XP level 4. HP: 22/22 MP: 5/5
   946 | D:2      | Reached XP level 5. HP: 25/25 MP: 6/6
  1370 | D:2      | Noticed Jessica
  1372 | D:2      | Killed Jessica
  1373 | D:2      | Reached skill level 5 in Dodging
  1506 | D:2      | 1506 ||| READING scroll labelled RIUMMY POSIMP.
  1507 | D:2      | 1507 ||| DRINKING 2 fuming dark potions.
  1507 | D:2      | Gained mutation: You are partially covered in large bone
                  | plates. (SH +4) [potion of mutation]
  1508 | D:2      | 1508 ||| DRINKING 2 bubbling purple potions.
  1562 | D:3      | Found a sacrificial altar of Ru.
  1628 | D:3      | Found a burning altar of Makhleb.
  1655 | D:3      | Reached XP level 6. HP: 30/30 MP: 7/7
  1933 | D:3      | Found a radiant altar of Vehumet.
  2035 | D:3      | Found a basalt altar of Yredelemnul.
  2051 | D:3      | Reached skill level 6 in Dodging
  2102 | D:3      | Found a shimmering blue altar of Sif Muna.
  2159 | D:3      | 2159 ||| DROPPING +0 hat of see invisible.
  2160 | D:3      | 2160 ||| UPGRADING to ring of protection from fire.
  2161 | D:3      | 2161 ||| DROPPING ring of flight.
  2162 | D:3      | 2162 ||| READING scroll of identify.
  2162 | D:3      | 2162 ||| IDENTIFYING red potion
  2163 | D:3      | 2163 ||| READING scroll labelled ECLUUXO XITEOCW.
  2163 | D:3      | 2163 ||| ENCHANTING +0 cloak.
  2164 | D:3      | 2164 ||| READING scroll labelled LISHIROCYPN.
  2165 | D:3      | 2165 ||| READING scroll labelled FEURRA KURICAO.
  2166 | D:3      | 2166 ||| READING scroll labelled FEHEUMUYSI.
  2166 | D:3      | 2166 ||| ENCHANTING +0 shortbow.
  2167 | D:3      | 2167 ||| DROPPING potion of degeneration.
  2186 | D:4      | 2186 ||| ZAPPING wand of acid (6) at 1,1 (black bear;
                  | floor).
  2248 | D:4      | Reached XP level 7. HP: 35/35 MP: 8/8
  2486 | D:4      | Found Jemn's Distillery.
  2494 | D:4      | 2494 ||| BUYING potion of curing (30 gold).
  2494 | D:4      | Bought a potion of curing for 30 gold pieces
  2494 | D:4      | 2494 ||| BUYING potion of enlightenment (50 gold).
  2494 | D:4      | Bought a potion of enlightenment for 50 gold pieces
  2494 | D:4      | 2494 ||| BUYING potion of heal wounds (50 gold).
  2494 | D:4      | Bought a potion of heal wounds for 50 gold pieces
  2494 | D:4      | 2494 ||| BUYING potion of heal wounds (50 gold).
  2494 | D:4      | Bought a potion of heal wounds for 50 gold pieces
  2494 | D:4      | 2494 ||| SHOPLISTING potion of heal wounds (50 gold, have
                  | 10).
  2494 | D:4      | 2494 ||| SHOPLISTING potion of might (40 gold, have 10).
  2494 | D:4      | 2494 ||| SHOPLISTING potion of mutation (80 gold, have 10).
  2763 | D:4      | Found a staircase to the Ecumenical Temple.
  2764 | D:4      | 2764 ||| PLANNING TEMPLE
  2764 | D:4      | 2764 ||| UPGRADING to amulet of guardian spirit.
  2769 | D:4      | 2769 ||| READING scroll labelled NECEZA XUOLA.
  2780 | Temple   | Entered the Ecumenical Temple
  2781 | Temple   | 2781 ||| PLANNING OKAWARU WORSHIP
  2787 | Temple   | Became a worshipper of Warmaster Okawaru
  2788 | Temple   | 2788 ||| PLANNING D:1-11
  2788 | Temple   | 2788 ||| REMOVING amulet of guardian spirit.
  2882 | D:4      | Reached skill level 7 in Dodging
  2931 | D:5      | Entered Level 5 of the Dungeon
  2931 | D:5      | Found a transporter.
  2933 | D:5      | Found a transporter.
  2933 | D:5      | Noticed qw's ghost (amateur SpHu)
  3006 | D:5      | 3006 ||| FLEEEEING.
  3007 | D:5      | 3007 ||| FLEEEEING.
  3008 | D:5      | 3008 ||| FLEEEEING.
  3009 | D:5      | 3009 ||| FLEEEEING.
  3010 | D:5      | 3010 ||| FLEEEEING.
  3011 | D:5      | 3011 ||| FLEEEEING.
  3012 | D:5      | 3012 ||| FLEEEEING.
  3089 | D:5      | 3089 ||| READING scroll of enchant weapon.
  3089 | D:5      | 3089 ||| ENCHANTING +1 shortbow.
  3139 | D:5      | Reached * piety under Okawaru
  3174 | D:5      | Noticed Blork the orc
  3175 | D:5      | Noticed Menkaure
  3176 | D:5      | 3176 ||| INVOKING Heroism.
  3180 | D:5      | Killed Menkaure
  3181 | D:5      | Reached skill level 8 in Dodging
  3181 | D:5      | Reached XP level 8. HP: 22/39 MP: 6/9
  3185 | D:5      | Killed Blork the orc
  3186 | D:5      | Reached skill level 1 in Invocations
  3556 | D:5      | 3556 ||| RETREEEEATING.
  3557 | D:5      | 3557 ||| RETREEEEATING.
  3558 | D:5      | 3558 ||| RETREEEEATING.
  3562 | D:5      | Reached skill level 3 in Fighting
  3813 | D:5      | Reached skill level 3 in Invocations
  3906 | D:5      | 3906 ||| READING 2 scrolls of identify.
  3906 | D:5      | 3906 ||| IDENTIFYING green potion
  3907 | D:5      | 3907 ||| READING scroll of identify.
  3907 | D:5      | 3907 ||| IDENTIFYING metallic green potion
  3908 | D:5      | 3908 ||| READING scroll labelled QIAMNA GOIHU.
  3909 | D:5      | 3909 ||| READING scroll labelled SEATERR TEGRO.
  3910 | D:5      | 3910 ||| DRINKING 2 smoky yellow potions.
  3911 | D:5      | 3911 ||| DROPPING potion of attraction.
  3912 | D:5      | 3912 ||| DROPPING potion of brilliance.
  3913 | D:5      | 3913 ||| DROPPING potion of invisibility.
  4031 | D:6      | Reached ** piety under Okawaru
  4252 | D:6      | HP: 10/40 [gnoll bouda/+0 club (4)]
  4253 | D:6      | 4253 ||| READING 2 scrolls of teleportation.
  4253 | D:6      | HP: 3/40 [gnoll/+0 spear[a gnoll bouda] (5)]
  4254 | D:6      | 4254 ||| DRINKING 3 potions of heal wounds.
  4278 | D:6      | Reached skill level 9 in Ranged Weapons
  4429 | D:6      | 4429 ||| SWAPPING to +0 orcbow.
  4430 | D:6      | 4430 ||| DROPPING +2 shortbow.
  4638 | D:6      | Found a hide-covered altar of Uskayaw.
  4727 | D:6      | Noticed a dream sheep
  4727 | D:6      | Noticed a dream sheep
  4727 | D:6      | Noticed a dream sheep
  4727 | D:6      | Noticed a dream sheep
  4727 | D:6      | Noticed a dream sheep
  4727 | D:6      | Found a shimmering altar of Xom.
  4728 | D:6      | Killed a dream sheep
  4729 | D:6      | Reached skill level 9 in Dodging
  4729 | D:6      | Reached XP level 9. HP: 44/44 MP: 13/13
  5182 | D:6      | Found Duetradd's Neck Hole.
  5191 | D:6      | 5191 ||| SHOPLISTING amulet of faith (440 gold, have 96).
  5191 | D:6      | 5191 ||| SHOPLISTING amulet of the acrobat (330 gold, have
                  | 96).
  5358 | D:6      | 5358 ||| READING scroll of identify.
  5358 | D:6      | 5358 ||| IDENTIFYING 3 fizzy clear potions
  5359 | D:6      | 5359 ||| READING scroll labelled ZIUFYR MEENIZA.
  5359 | D:6      | 5359 ||| BRANDING +0 orcbow.
  5360 | D:6      | 5360 ||| DROPPING 3 potions of ambrosia.
  5404 | D:7      | 5404 ||| STAIRDANCE
  5409 | D:7      | Noticed Prince Ribbit
  5410 | D:7      | 5410 ||| STAIRDANCE
  5419 | D:6      | Reached skill level 10 in Dodging
  5492 | D:7      | 5492 ||| STAIRDANCE
  5499 | D:6      | HP: 5/44 [Prince Ribbit (13)]
  5500 | D:6      | 5500 ||| READING scroll of teleportation.
  5501 | D:6      | 5501 ||| DRINKING 2 potions of heal wounds.
  5616 | D:6      | Killed Prince Ribbit
  5713 | D:7      | Reached *** piety under Okawaru
  5827 | D:7      | 5827 ||| INVOKING Heroism.
  6126 | D:7      | Found a stormy altar of Qazlal.
  6199 | D:7      | 6199 ||| READING scroll of identify.
  6199 | D:7      | 6199 ||| IDENTIFYING scroll labelled MIVIOTREAC
  6200 | D:7      | 6200 ||| READING scroll labelled TUFOFF ARIBO.
  6301 | D:7      | 6301 ||| DROPPING scroll of immolation.
  6442 | D:8      | Noticed a red devil
  6443 | D:8      | 6443 ||| INVOKING Heroism.
  6450 | D:8      | Noticed a red devil
  6451 | D:8      | 6451 ||| RETREEEEATING.
  6452 | D:8      | 6452 ||| RETREEEEATING.
  6453 | D:8      | 6453 ||| RETREEEEATING.
  6453 | D:8      | Noticed a red devil
  6454 | D:8      | 6454 ||| RETREEEEATING.
  6455 | D:8      | 6455 ||| RETREEEEATING.
  6456 | D:8      | 6456 ||| RETREEEEATING.
  6457 | D:8      | 6457 ||| RETREEEEATING.
  6458 | D:8      | 6458 ||| RETREEEEATING.
  6461 | D:8      | Killed a red devil
  6462 | D:8      | Reached skill level 11 in Dodging
  6466 | D:8      | 6466 ||| RETREEEEATING.
  6480 | D:8      | 6480 ||| INVOKING Heroism.
  6483 | D:8      | Killed a red devil
  6487 | D:8      | Killed a red devil
  6488 | D:8      | Reached XP level 10. HP: 24/49 MP: 11/14
  7016 | D:8      | Found a shadowy altar of Dithmenos.
  7160 | D:8      | 7160 ||| UPGRADING to +5 ring of evasion.
  7162 | D:8      | 7162 ||| READING 2 scrolls labelled PAPROLYERO.
  7163 | D:8      | 7163 ||| DROPPING scroll of poison.
  7165 | D:8      | 7165 ||| Stepping ~*~*~tactically~*~*~ (cloud).
  7441 | D:9      | Reached **** piety under Okawaru
  7470 | D:9      | 7470 ||| READING scroll of brand weapon.
  7470 | D:9      | 7470 ||| BRANDING +0 orcbow of draining.
  7543 | D:9      | Reached skill level 12 in Dodging
  7581 | D:9      | Found Wafin's Antique Armour Emporium.
  7586 | D:9      | 7586 ||| BUYING distressingly furry robe (176 gold).
  7586 | D:9      | Bought a distressingly furry robe for 176 gold pieces
  7586 | D:9      | Identified the +1 robe of Vehumet's Displeasure {^Drain
                  | Regen+ Int+2} (You bought it in a shop on level 9 of the
                  | Dungeon)
  8162 | D:9      | 8162 ||| UPGRADING to +1 robe of Vehumet's Displeasure
                  | {^Drain Regen+ Int+2}.
  8172 | D:9      | 8172 ||| DROPPING +0 robe.
  8173 | D:9      | 8173 ||| READING scroll of identify.
  8173 | D:9      | 8173 ||| IDENTIFYING fuming pink potion
  8174 | D:9      | 8174 ||| DROPPING potion of lignification.
  8176 | D:10     | Entered Level 10 of the Dungeon
  8229 | D:10     | Noticed Grum
  8236 | D:10     | HP: 8/49 [poisoned by Grum]
  8237 | D:10     | 8237 ||| READING 2 scrolls of teleportation.
  8237 | D:10     | Slain by Grum

Levels and vault maps discovered:
D:1:      roderic_octagonal_star, layout_basic, amethyst_killhole,
          kennysheep_crisscross, dk_noncrumbling_2
D:2:      layout_loops_cross, uniq_jessica, uniq_sigmund
D:3:      layout_basic, yredelemnul_forgotten_temple_becter,
          mainiacjoe_overflow_boulevard, mainiacjoe_overflow_chevrons,
          nicolae_ru_awakened_eye, mainiacjoe_overflow_brackets,
          minmay_randomly_rotated_circles
D:4:      layout_gridville, minmay_temple_entry_trees, serial_shops,
          nicolae_shop_stone
D:5:      layout_loops_ring, gammafunk_ghost_arena, serial_bayou_crossing,
          uniq_menkaure, uniq_blork_the_orc
D:6:      layout_layer_cave, eat_drink_and_be_merry_uskayaw,
          kb_xom_exploding_sheep, chequers_serial_rivers_micro_a,
          nicolae_shop_sticking_my_neck_out
D:7:      layout_gridville, nicolae_qazlal_scattered_showers,
          hangedman_decor_clover_reticule, uniq_prince_ribbit1
D:8:      layout_loops_ring, mainiacjoe_overflow_tiny_flanked,
          einodemon_armed_red_devil_minivault
D:9:      layout_basic, serial_shops, nicolae_shop_rolling_square,
          kennysheep_another_room
D:10:     layout_loops_corners, mainiacjoe_overflow_six_doors_small, uniq_grum
Temple:   nicolae_temple_no_exploring_needed

Skill      XL: |  1  2  3  4  5  6  7  8  9 10 |
---------------+-------------------------------+-----
Dodging        | 3 4 5 6 8 9 11 12 | 12.0
Ranged Weapons | 6 7 8 9 10 11 | 11.2
Fighting       | 2 3 4 |  4.1
Invocations    | 4 |  4.6
Stealth        | |  1.5

Action                     |  1- 3 |  4- 6 |  7- 9 | 10-12 || total
---------------------------+-------+-------+-------+-------++-------
   Fire: Shortbow          |    63 |   164 |   272 |       ||   499
         Orcbow            |       |       |   137 |   150 ||   287
 Invoke: Heroism           |       |       |     4 |       ||     4
  Evoke: Wand              |       |     1 |       |       ||     1
    Use: Scroll            |     2 |     6 |    12 |     4 ||    24
         Potion            |     1 |     2 |     3 |       ||     6
 Armour: Robe              |     4 |    13 |    53 |    10 ||    80
  Dodge: Dodged            |    17 |    76 |   214 |    83 ||   390
  Block: Other             |       |     7 |    29 |    13 ||    49

Table legend:
 A = Non-vault XP
 B = Vault XP
 C = Vault XP percentage of total XP
 D = Non-vault monster count
 E = Vault monster count
 F = Vault count percentage of total count
                 A         B        C        D         E       F
            +---------+---------+-------+---------+---------+-------
      Total |    5297 |    2019 |  27.6 |     214 |      17 |   7.4
            +---------+---------+-------+---------+---------+-------
        D:1 |      33 |       0 |   0.0 |      21 |       0 |   0.0
        D:2 |      53 |     263 |  83.2 |      23 |       2 |   8.0
        D:3 |      79 |     117 |  59.7 |      14 |       8 |  36.4
        D:4 |     366 |       0 |   0.0 |      25 |       0 |   0.0
        D:5 |     885 |     262 |  22.8 |      37 |       2 |   5.1
        D:6 |    1192 |     264 |  18.1 |      25 |       1 |   3.8
        D:7 |     993 |       0 |   0.0 |      19 |       0 |   0.0
        D:8 |     410 |    1113 |  73.1 |      12 |       4 |  25.0
        D:9 |     989 |       0 |   0.0 |      35 |       0 |   0.0
       D:10 |     297 |       0 |   0.0 |       3 |       0 |   0.0
            +---------+---------+-------+---------+---------+-------
